 Dungeon Crawl Stone Soup version 0.27-a0-1188-g73eefd5def (webtiles) character file.

Game seed: 9228769553101678017

39 leviel the Magician (level 3, -1/37 HPs)
             Began as a Djinni Ice Elementalist on May 21, 2021.
             Slain by an adder (3 damage)
             ... on level 2 of the Dungeon.
             The game lasted 00:02:03 (1618 turns).

leviel the Magician (Djinni Ice Elementalist)       Turns: 1618, Time: 00:02:04

Health: -1/37      AC:  2    Str:  7    XL:     3   Next: 70%
Gold:   48         EV: 12    Int: 17    God:
                   SH:  0    Dex: 13

rFire    + + .     SeeInvis .   b - +0 short sword
rCold    x . .     Faith    .   (no shield)
rNeg     . . .     Spirit   .   a - +0 robe
rPois    ∞         Reflect  .   (no helmet)
rElec    .         Harm     .   (no cloak)
rCorr    +         Rampage  .   (no gloves)
Will     .....                  (boots unavailable)
Stlth    ..........             (no amulet)
HPRegen  0.12/turn              c - ring of resist corrosion
MPRegen  0.00/turn              (no ring)

@: berserking, flying, very quick
A: sickness immunity, fire resistance 2, cold vulnerability 1, float, innate
caster, hp casting, extra vitality 1
a: no special abilities


You were on level 2 of the Dungeon.
You visited 1 branch of the dungeon, and saw 2 of its levels.

You collected 48 gold pieces.

Inventory:

Hand Weapons
 b - a +0 short sword (weapon)
Armour
 a - a +0 robe (worn)
Jewellery
 c - a ring of resist corrosion (left hand)
Scrolls
 d - a scroll of noise {unknown}


   Skills:
 + Level 0.1 Fighting
 + Level 1.0 Short Blades
 + Level 2.3 Dodging
 - Level 1.5 Stealth
 + Level 0.4 Unarmed Combat
 + Level 3.8 Spellcasting


You couldn't memorise any spells.
You knew the following spells:

 Your Spells              Type           Power      Damage    Failure   Level
a - Freeze                Ice            64%        1d8       3%          1
b - Frozen Ramparts       Ice            32%        1d5       10%         3
c - Ozocubu's Armour      Ice            16%        N/A       10%         3
d - Hailstorm             Conj/Ice       16%        3d6       32%         4
e - Metabolic Englaciati  Hex/Ice        8%         N/A       65%         5
f - Apportation           Tloc           32%        N/A       3%          1
Your spell library was empty.

Dungeon Overview and Level Annotations

Branches:
Dungeon (2/15)

Altars:


Innate Abilities, Weirdness & Mutations

You are immune to sickness and miasma.
You are immune to poison.
Your flesh is very heat resistant. (rF++)
You are vulnerable to cold. (rC-)
You float through the air rather than walking.
You learn spells naturally, not from books.
Your magical power is your life essence.
You have superior vitality. (+4 HP)


Message History

The adder is moderately wounded.
The adder seems to slow down.
The adder misses you.
You freeze the adder.
The adder is moderately wounded.
The adder seems to slow down.
You barely miss the adder.
The adder is moderately wounded.
The adder misses you.
You miss the adder.
The adder is moderately wounded.
The adder completely misses you.
You closely miss the adder.
The adder is moderately wounded.
The adder bites you.
You are too injured to fight recklessly!
You are too injured to fight recklessly!
You barely miss the adder.
The adder is moderately wounded.
The adder barely misses you.
You closely miss the adder.
The adder is moderately wounded.
The adder bites you.
* * * LOW HITPOINT WARNING * * *
You closely miss the adder.
The adder is moderately wounded.
The adder bites you.
* * * LOW HITPOINT WARNING * * *
Aiming: Freeze (safe; 3% risk of failure)
Press: ? - help, Q - select action, (/) - cycle Shift-Dir - straight line, f/p - adder
Aim: an adder (moderately wounded, slow)
You freeze the adder.
The adder is heavily wounded.
The adder seems to slow down.
* * * LOW HITPOINT WARNING * * *
The adder bites you.
* * * LOW HITPOINT WARNING * * *
It was a potion of berserk rage.
A red film seems to cover your vision as you go berserk!
You feel yourself moving faster!
You feel mighty! The adder bites you.
You die...

...#..# #.# ###'.##
#.##### .....#####
#.#...##
##.#.....#######......##
#...###................
###.# ########........#
#.# #)......#. #.#
##...#.... #.# ##@## ##.
#.# #S# #.# #.#
#†......# ...######
..... ....... ###.#.
......... ......
..........+


You could see an adder (slow).

Vanquished Creatures
  An adder (D:2)
  A gnoll (D:1)
  A dart slug (D:1)
  A ball python (D:1)
  2 endoplasms
  A giant cockroach (D:1)
  A goblin (D:2)
  2 hobgoblins (D:1)
  3 kobolds
  2 quokkas (D:1)
  A frilled lizard (D:1)
  2 rats (D:1)
18 creatures vanquished.

Notes
Turn   | Place    | Note
-------+----------+-------------------------------------------
     0 | D:1      | leviel the Djinni Ice Elementalist began the quest for the
                  | Orb.
     0 | D:1      | Reached XP level 1. HP: 15/15 MP: 0/0
   148 | D:1      | Reached XP level 2. HP: 3/21 MP: 0/0
   819 | D:1      | Reached XP level 3. HP: 15/25 MP: 0/0
   819 | D:1      | Learned a level 1 spell: Apportation
  1607 | D:2      | Reached skill level 1 in Short Blades
  1615 | D:2      | HP: 1/25 [adder (3)]
  1618 | D:2      | Slain by an adder

Illustrated notes

Levels and vault maps discovered:
D:1:      minmay_arrival_stair_chambers, layout_basic,
          chequers_serial_rivers_small_b, st_stairs_13
D:2:      layout_loops_corners, hellmonk_ecumenical_altar_slurped_away,
          minivault_11

Skill      XL: |  1  2  3 |
---------------+----------+-----
Short Blades   | 1 |  1.0
Fighting       | |  0.1
Dodging        | |  2.3
Stealth        | |  1.5
Unarmed Combat | |  0.4
Spellcasting   | |  3.8

Action                   || total
-------------------------++-------
Melee: Short sword       ||    35
       Unarmed           ||     1
 Cast: Freeze            ||    27
  Use: Potion            ||     1
 Stab: Sleeping          ||     2
Armor: Robe              ||     5
Dodge: Dodged            ||    40

Table legend: (Time is in decaauts)
 A = Elapsed time spent in this place.
 B = Non-inter-level travel time spent in this place.
 C = Inter-level travel time spent in this place.
 D = Time resting spent in this place.
 E = Time spent auto-exploring this place.
 F = Levels seen in this place.
 G = Mean time per level.
                   A        B        C        D        E       F      G
               +--------+--------+--------+--------+--------+-----+--------+
         Total |   1619 |   1602 |     17 |    483 |    944 |   2 |  809.5 |
       Dungeon |   1619 |   1602 |     17 |    483 |    944 |   2 |  809.5 |
               +--------+--------+--------+--------+--------+-----+--------+

Top non-repeatable levels by time:
     D:1: 1139 daAuts
     D:2: 480 daAuts
